 Dungeon Crawl Stone Soup version 0.29.0-4-gdea44cf6ec (webtiles) character file.

Game seed: 17286971394085483929

558 qw the Chopper (level 7, -10/41 HPs)
             Began as a Tengu Warper on Aug 28, 2022.
             Mangled by Menkaure (16 damage)
             ... on level 5 of the Dungeon.
             The game lasted 00:00:32 (3806 turns).

qw the Chopper (Tengu Warper)                       Turns: 3806, Time: 00:00:32

Health: -10/41     AC: 10    Str: 13    XL:     7   Next: 31%
Magic:  11/11      EV:  7    Int: 13    God:
Gold:   191        SH:  0    Dex: 14    Spells: 10/10 levels left

rFire   + . .      SeeInvis .   Y - +0 war axe
rCold   . . .      Faith    .   (no shield)
rNeg    . . .      Spirit   .   q - +0 chain mail
rPois   .          Reflect  .   i - +2 hat
rElec   .          Harm     .   (no cloak)
rCorr   .          Rampage  .   (no gloves)
Will    .....                   (boots unavailable)
Stlth   ..........              l - amulet of regeneration
HPRegen 0.93/turn               (no ring)
MPRegen 0.12/turn               (no ring)

@: about to teleport, flying quickly and evasively, quick
A: beak, talons 3, nimble flight, fire resistance 1, wild magic 1
a: no special abilities


You were on level 5 of the Dungeon.
You visited 1 branch of the dungeon, and saw 5 of its levels.

You collected 191 gold pieces.


Innate Abilities, Weirdness & Mutations

You have a beak for a mouth.
You have claws for feet.
Your magical nature lets you fly swiftly and evasively.
Your flesh is heat resistant. (rF+)
Your spells are a little harder to cast, but a little more powerful.


   Skills:
 - Level 3.4 Fighting
 + Level 7.2 Axes
 - Level 2.1 Throwing
 - Level 2.4 Armour
 - Level 2.1 Dodging
 - Level 2.0 Spellcasting
 - Level 2.4 Translocations


You had 10 spell levels left.
You didn't know any spells.
Your spell library contained the following spells:

 Spells                   Type           Power      Damage    Failure   Level
 Blink                    Tloc           18%        N/A       99%         2
 Gell's Gravitas          Tloc           9%         N/A       100%        3
 Lesser Beckoning         Tloc           9%         N/A       100%        3
 Teleport Other           Tloc           9%         N/A       100%        3
 Manifold Assault         Tloc           9%         N/A       100%        5

Inventory:

Hand Weapons
 d - a +0 flail
 Y - a +0 war axe (weapon)
Missiles
 r - 3 silver javelins (quivered)
Armour
 i - a +2 hat (worn)
 q - a +0 chain mail (worn)
Jewellery
 l - an amulet of regeneration (around neck)
Scrolls
 c - a scroll of identify
 k - 2 scrolls of teleportation
Potions
 b - a potion of haste {unknown}
 e - a potion of might {unknown}
 f - a potion of mutation
 m - 2 potions of curing
 o - a potion of brilliance {unknown}

Dungeon Overview and Level Annotations

Branches:
Dungeon (5/15)
 Temple: D:4-7

Altars:
Fedhas
Kikubaaqudgha
Qazlal
Ru
Wu Jian

Shops:
D:2 =

Annotations:
D:2 1 runed translucent door, Crazy Yiuf
D:5 Menkaure


Message History

You barely miss the orc. You claw the orc. You peck the orc.
The orc is heavily wounded.
You slash something!
Reactivating autopickup.
You feel a bit more experienced. The orc hits you with a +0 flail.
Your Throwing skill increases to level 2!
You hit the orc.
The orc is almost dead.
The orc hits you but does no damage.
You hit the orc but do no damage.
The orc is almost dead.
The orc hits you with a +0 flail.
You hit the orc but do no damage. Your kick misses the orc.
Your peck misses the orc.
The orc is almost dead.
The orc hits you but does no damage.
You hit the orc.
You kill the orc!
You start resting.
Menkaure gestures at you while chanting.
Pain shoots through your body!
Items here: %%% )) [[.
You barely miss Menkaure. You claw Menkaure.
You peck Menkaure, but do no damage.
Menkaure is moderately damaged.
Menkaure hits you.
You slash Menkaure!
Menkaure is severely damaged.
Menkaure hits you!
3805 ||| READING 3 scrolls of teleportation.
As you read the scroll of teleportation, it crumbles to dust.
You feel strangely unstable. Menkaure casts a spell at you.
You struggle to resist.
You closely miss Menkaure. You peck Menkaure, but do no damage.
Menkaure is severely damaged.
Menkaure giggles, "These cerements are ticklish..."
Menkaure hits you!
You die...

#... #..#### #. #.....
#.##..".## #.##.....
#.##...# #####'##..)#
#........$)###
#........)@M.#
#.........#).....<.
###########'#####..#####.
.#...........# #....
.#.########..# #.....
.#.# #..# ........ #.#
#..# #.#..... #.# #..#
#.#.#... #.# #...


You could see Menkaure (fast).

Vanquished Creatures
  Blork the orc (D:5)
  4 scorpions
  A jelly (D:5)
  An orc priest (D:5)
  An orc wizard (D:5)
  Robin (D:2)
  6 adders
  2 dart slugs
  7 orcs
  8 ball pythons
  6 bats
  6 endoplasms
  6 giant cockroaches
  16 goblins
  13 hobgoblins
  4 quokkas
  9 frilled lizards
  9 kobolds
  6 rats
107 creatures vanquished.

Vanquished Creatures (others)
  A plant (D:4)
1 creature vanquished.

Grand Total: 108 creatures vanquished

Notes
Turn   | Place    | Note
-------+----------+-------------------------------------------
     0 | D:1      | qw the Tengu Warper began the quest for the Orb.
     0 | D:1      | Reached XP level 1. HP: 12/12 MP: 4/4
     0 | D:1      | 0 ||| qw: Version: 0.1-a-89-g26bdef1
     0 | D:1      | 0 ||| qw: Game counter: 3201
     0 | D:1      | 0 ||| qw: Always use a shield: true
     0 | D:1      | 0 ||| qw: God list: Okawaru
     0 | D:1      | 0 ||| qw: Allow faded altars: false
     0 | D:1      | 0 ||| qw: Do Orc after D:15 true
     0 | D:1      | 0 ||| qw: Do second Lair branch before Depths: true
     0 | D:1      | 0 ||| qw: Lair rune preference: random
     0 | D:1      | 0 ||| qw: Plans: Normal
     0 | D:1      | 0 ||| PLANNING D:1-11
    37 | D:1      | 37 ||| Stepping ~*~*~tactically~*~*~ (stealth).
    41 | D:1      | 41 ||| Stepping ~*~*~tactically~*~*~ (stealth).
    49 | D:1      | Reached XP level 2. HP: 17/17 MP: 6/6
    75 | D:1      | Reached skill level 3 in Axes
    76 | D:1      | 76 ||| Stepping ~*~*~tactically~*~*~ (stealth).
   101 | D:1      | 101 ||| DROPPING +0 club.
   150 | D:1      | 150 ||| Stepping ~*~*~tactically~*~*~ (stealth).
   151 | D:1      | 151 ||| Stepping ~*~*~tactically~*~*~ (stealth).
   397 | D:1      | Reached XP level 3. HP: 16/21 MP: 7/7
   674 | D:1      | 674 ||| Stepping ~*~*~tactically~*~*~ (stealth).
   828 | D:1      | Reached skill level 4 in Axes
  1081 | D:1      | 1081 ||| UPGRADING to +0 ring mail.
  1091 | D:1      | 1091 ||| DROPPING +0 leather armour.
  1092 | D:1      | 1092 ||| UPGRADING to +2 hat.
  1097 | D:1      | 1097 ||| READING scroll labelled DAC YXACUXIOC.
  1098 | D:1      | 1098 ||| READING scroll labelled YDGHOU GAXOSO.
  1099 | D:1      | 1099 ||| READING scroll labelled RUNUOP ATYS.
  1100 | D:1      | 1100 ||| READING scroll labelled QENEFO HEQEF.
  1101 | D:1      | 1101 ||| DROPPING scroll of blinking.
  1102 | D:1      | 1102 ||| Stepping randomly (stuck).
  1124 | D:2      | 1124 ||| STAIRDANCE
  1129 | D:2      | 1129 ||| STAIRDANCE
  1154 | D:2      | 1154 ||| STAIRDANCE
  1231 | D:2      | 1231 ||| Stepping ~*~*~tactically~*~*~ (stealth).
  1232 | D:2      | 1232 ||| Stepping ~*~*~tactically~*~*~ (stealth).
  1233 | D:2      | 1233 ||| Stepping ~*~*~tactically~*~*~ (stealth).
  1234 | D:2      | 1234 ||| Stepping ~*~*~tactically~*~*~ (stealth).
  1236 | D:2      | 1236 ||| Stepping ~*~*~tactically~*~*~ (stealth).
  1238 | D:2      | 1238 ||| Stepping ~*~*~tactically~*~*~ (stealth).
  1353 | D:2      | Found a stormy altar of Qazlal.
  1391 | D:2      | 1391 ||| Stepping ~*~*~tactically~*~*~ (stealth).
  1394 | D:2      | Reached XP level 4. HP: 26/26 MP: 8/8
  1444 | D:2      | 1444 ||| Stepping ~*~*~tactically~*~*~ (hiding).
  1501 | D:2      | Noticed Robin
  1513 | D:2      | Reached skill level 5 in Axes
  1521 | D:2      | Killed Robin
  1615 | D:2      | Found a runed translucent door.
  1616 | D:2      | Noticed Crazy Yiuf
  1760 | D:2      | Found Zujog's Jewellery Shop.
  1783 | D:2      | 1783 ||| SHOPLISTING +4 ring of slaying (1014 gold, have
                  | 94).
  1783 | D:2      | 1783 ||| SHOPLISTING +6 ring of dexterity (468 gold, have
                  | 94).
  1783 | D:2      | 1783 ||| SHOPLISTING ring of positive energy (260 gold,
                  | have 94).
  1783 | D:2      | 1783 ||| SHOPLISTING ring of resist corrosion (260 gold,
                  | have 94).
  1949 | D:2      | 1949 ||| READING 2 scrolls labelled TOACZA IZILO.
  1950 | D:2      | 1950 ||| READING scroll labelled JIHIQU WOZI.
  2109 | D:3      | 2109 ||| Stepping ~*~*~tactically~*~*~ (stealth).
  2110 | D:3      | 2110 ||| Stepping ~*~*~tactically~*~*~ (stealth).
  2158 | D:3      | 2158 ||| Stepping ~*~*~tactically~*~*~ (stealth).
  2170 | D:3      | Gained mutation: Your magical nature lets you fly swiftly
                  | and evasively. [Tengu growth]
  2170 | D:3      | Reached XP level 5. HP: 29/30 MP: 9/9
  2180 | D:3      | 2180 ||| Stepping ~*~*~tactically~*~*~ (stealth).
  2181 | D:3      | 2181 ||| Stepping ~*~*~tactically~*~*~ (stealth).
  2395 | D:3      | 2395 ||| DROPPING +0 whip.
  2437 | D:3      | Found a blossoming altar of Fedhas.
  2503 | D:3      | Found an ancient bone altar of Kikubaaqudgha.
  2629 | D:3      | Found a faded altar of an unknown god.
  2638 | D:3      | 2638 ||| READING scroll labelled EDWAGG REIX.
  2639 | D:3      | 2639 ||| DRINKING 2 metallic yellow potions.
  2639 | D:3      | Gained mutation: Your flesh is heat resistant. (rF+)
                  | [potion of mutation]
  2639 | D:3      | Gained mutation: Your spells are a little harder to cast,
                  | but a little more powerful. [potion of mutation]
  2640 | D:3      | 2640 ||| DRINKING 2 silvery potions.
  2641 | D:3      | 2641 ||| DRINKING 2 green potions.
  2642 | D:3      | 2642 ||| DROPPING potion of degeneration.
  2643 | D:3      | 2643 ||| DROPPING potion of attraction.
  2691 | D:4      | Found a sacrificial altar of Ru.
  2976 | D:4      | Reached skill level 6 in Axes
  3147 | D:4      | Reached skill level 7 in Axes
  3147 | D:4      | Reached XP level 6. HP: 21/35 MP: 10/10
  3324 | D:4      | Found an ornate altar of the Wu Jian Council.
  3325 | D:4      | 3325 ||| SWAPPING to +0 war axe.
  3326 | D:4      | 3326 ||| DROPPING +0 hand axe.
  3333 | D:4      | Noticed a spectral centipede
  3333 | D:4      | Noticed a spectral black mamba
  3333 | D:4      | Noticed a spectral cane toad
  3374 | D:4      | Identified the +2 ring mail of Egalitarianism {Str+2}
  3497 | D:4      | 3497 ||| DROPPING +1 leather armour of willpower.
  3498 | D:4      | 3498 ||| UPGRADING to +2 ring mail of Egalitarianism
                  | {Str+2}.
  3508 | D:4      | 3508 ||| DROPPING +0 ring mail.
  3509 | D:4      | 3509 ||| UPGRADING to +0 chain mail.
  3519 | D:4      | 3519 ||| DROPPING +2 ring mail of Egalitarianism {Str+2}.
  3520 | D:4      | 3520 ||| UPGRADING to amulet of regeneration.
  3525 | D:4      | 3525 ||| READING scroll labelled QEYKLI UKEYCE.
  3526 | D:4      | 3526 ||| DRINKING 3 smoky emerald potions.
  3527 | D:4      | 3527 ||| READING 2 scrolls of identify.
  3527 | D:4      | 3527 ||| IDENTIFYING ruby potion
  3528 | D:4      | 3528 ||| DROPPING potion of flight.
  3585 | D:5      | Entered Level 5 of the Dungeon
  3585 | D:5      | Noticed Blork the orc
  3588 | D:5      | Noticed Menkaure
  3593 | D:5      | Killed Blork the orc
  3596 | D:5      | HP: 9/36 [??? (6)]
  3597 | D:5      | Reached skill level 3 in Fighting
  3597 | D:5      | Reached XP level 7. HP: 11/41 MP: 11/11
  3598 | D:5      | 3598 ||| READING 3 scrolls of teleportation.
  3599 | D:5      | HP: 4/41 [orc/+0 hand axe (2)]
  3703 | D:5      | 3703 ||| Invisible monster not found???
  3779 | D:5      | 3779 ||| Stepping ~*~*~tactically~*~*~ (hiding).
  3790 | D:5      | 3790 ||| Stepping ~*~*~tactically~*~*~ (hiding).
  3804 | D:5      | HP: 4/41 [Menkaure (14)]
  3805 | D:5      | 3805 ||| READING 3 scrolls of teleportation.
  3806 | D:5      | Mangled by Menkaure

Levels and vault maps discovered:
D:1:      dpeg_arrival_water_temple_mockup, layout_loops_ring, serial_aquarium,
          aquarium_bridge_square [aquarium_subvault_wall,
          aquarium_subvault_window, aquarium_subvault_bridge,
          aquarium_subvault_bridge], aquarium_window_1,
          aquarium_window_corridor_3, aquarium_view_2b, aquarium_view_2e,
          aquarium_pool_S, hangedman_decor_growths
D:2:      layout_loops_ring, serial_shops, nicolae_shop_statue_plus,
          basic_altar, uniq_crazy_yiuf_cottage, uniq_robin
D:3:      layout_rooms, nicolae_kikubaaqudgha_miasma_corner, fedhas_altar_2,
          basic_ecumenical_altar, minmay_between
D:4:      layout_rooms, pdpol_wu_jian_five_deadly_venoms, kennysheep_mini,
          serial_bayou_lagoon_a
D:5:      layout_basic, temple_pool_b, serial_shops, nicolae_shop_trees,
          chequers_serial_rivers_micro_c, uniq_sigmund, uniq_blork_the_orc,
          uniq_menkaure

Skill      XL: |  1  2  3  4  5  6  7 |
---------------+----------------------+-----
Axes           | 3 4 5 7 |  7.2
Armour         | 2 |  2.4
Fighting       | 3 |  3.4
Throwing       | 2 |  2.1
Dodging        | |  2.1
Spellcasting   | |  2.0
Translocations | |  2.4

Action                   |  1- 3 |  4- 6 |  7- 9 || total
-------------------------+-------+-------+-------++-------
Melee: Hand axe          |    95 |   127 |       ||   222
       Kick              |    19 |    32 |     7 ||    58
       Peck              |     9 |    18 |     9 ||    36
       War axe           |       |    22 |    29 ||    51
       Punch             |       |       |     1 ||     1
Throw: Boomerang         |     7 |       |       ||     7
       Javelin           |       |     3 |     3 ||     6
  Use: Scroll            |     4 |     5 |     2 ||    11
       Potion            |       |     4 |       ||     4
Armor: Leather armour    |    17 |       |       ||    17
       Ring mail         |    13 |    43 |       ||    56
       Chain mail        |       |    18 |    24 ||    42
Dodge: Dodged            |    58 |    78 |     6 ||   142

Table legend:
 A = Non-vault XP
 B = Vault XP
 C = Vault XP percentage of total XP
 D = Non-vault monster count
 E = Vault monster count
 F = Vault count percentage of total count
                 A         B        C        D         E       F
            +---------+---------+-------+---------+---------+-------
      Total |     665 |     133 |  16.7 |      91 |      16 |  15.0
            +---------+---------+-------+---------+---------+-------
        D:1 |      56 |       0 |   0.0 |      34 |       0 |   0.0
        D:2 |      57 |      37 |  39.4 |      19 |      13 |  40.6
        D:3 |      50 |       2 |   3.8 |      16 |       2 |  11.1
        D:4 |     279 |       0 |   0.0 |      13 |       0 |   0.0
        D:5 |     223 |      94 |  29.7 |       9 |       1 |  10.0
            +---------+---------+-------+---------+---------+-------
